 Dungeon Crawl Stone Soup version 0.28-a0-1429-gf3d713df7a (webtiles) character file.

Game seed: 11567014483194186517

293798 rogsnak the Devastator (level 20, -16/122 (131) HPs)
             Began as a Demonspawn Air Elementalist on Jan 7, 2022.
             Was a High Priest of Sif Muna.
             Shot with a bolt by a yaktaur captain (51 damage)
             ... on level 1 of the Vaults on Jan 8, 2022.
             The game lasted 03:25:55 (51982 turns).

rogsnak the Devastator (DsAE)                      Turns: 51982, Time: 03:25:56

HP:   -16/122 (131) AC: 23    Str:  6    XL:     20   Next: 2%
MP:   40/43         EV: 14    Int: 30    God:    Sif Muna [*****.]
Gold: 1483          SH:  6    Dex: 15    Spells: 9/58 levels left

rFire   + + .      SeeInvis +   d - +9 dagger "Ycwuts" {elec, rElec}
rCold   + + +      Faith    .   V - +1 buckler {rC+}
rNeg    . . .      Spirit   .   O - +1 robe {rC+ rF+}
rPois   +          Reflect  .   T - +2 helmet {SInv}
rElec   +          Harm     .   j - scarf {rC+ rF+}
rCorr   .          Rampage  .   (gloves unavailable)
Will    +....                   u - +0 pair of boots
Stlth   ++........              e - amulet of magic regeneration
HPRegen 0.30/turn               H - ring "Duebast" {rElec rPois Str-3 Int+6 Slay-4}
MPRegen 0.68/turn               W - +4 ring of protection

@: sanguine armoured, drained
A: claws 3, ignite blood 2, powered by death 3, black mark, sanguine armour 3,
bedeviling
}: 2/15 runes: decaying, gossamer
a: Renounce Religion, Channel Magic, Forget Spell, Divine Exegesis


You were on level 1 of the Vaults.
You worshipped Sif Muna.
Sif Muna was extremely pleased with you.
You visited 8 branches of the dungeon, and saw 36 of its levels.
You visited 1 bazaar.
You also visited: Sewer and Ossuary.

You collected 3319 gold pieces.
You spent 1836 gold pieces at shops.

Inventory:

Hand Weapons
 d - the +9 dagger "Ycwuts" (weapon) {elec, rElec}
   (You found it on level 13 of the Dungeon)

   It occasionally discharges a powerful burst of electricity upon striking a
   foe.
   rElec:     It insulates you from electricity.
 D - the +9 staff of Olgreb {rPois∞}
   (You took it off Arachne on level 2 of the Spider Nest)

   If the wielder is skilled in Evocations, they can envenom those struck by it,
   dealing poison damage which bypasses armour.
   It enhances your poison magic.
   It grants immunity to poison.
   It can be evoked to radiate toxic energy, with effectiveness depending on
   Evocations skill.
 P - the +6 great sword "Beuc" {elec, rPois Str+4}
   (You took it off a deep elf elementalist on level 3 of the Elven Halls)

   It occasionally discharges a powerful burst of electricity upon striking a
   foe.
   Str:       It affects your strength (+4).
   rPois:     It protects you from poison.
Missiles
 q - 8 curare-tipped darts
Armour
 a - a +2 ring mail of cold resistance
 b - a +0 ring mail of fire resistance
 j - a scarf of resistance (worn)
 u - a +0 pair of boots (worn)
 B - a scarf of repulsion
 O - a +1 robe of resistance (worn)
 Q - an orb of light
 T - a +2 helmet of see invisible (worn)
 V - a +1 buckler of cold resistance (worn)
Magical Staves
 x - a staff of conjuration
Jewellery
 e - an amulet of magic regeneration (around neck)
 g - a ring of poison resistance
 l - a ring of wizardry
 n - a ring of positive energy
 p - a ring of resist corrosion
 r - a ring of protection from cold
 E - a ring of protection from fire
 H - the ring "Duebast" (left claw) {rElec rPois Str-3 Int+6 Slay-4}
   (You took it off a deep elf annihilator on level 3 of the Elven Halls)

   [ring of poison resistance]

   Str:       It affects your strength (-3).
   Int:       It affects your intelligence (+6).
   Slay:      It affects your accuracy & damage with ranged weapons and melee
   (-4).
   rElec:     It insulates you from electricity.
   rPois:     It protects you from poison.
 W - a +4 ring of protection (right claw)
 Z - a ring of flight
Wands
 o - a wand of digging (20)
 G - a wand of flame (103)
 L - a wand of acid (6)
 N - a wand of iceblast (23)
 S - a wand of paralysis (12)
Scrolls
 c - 4 scrolls of immolation
 f - 5 scrolls of enchant weapon
 h - 5 scrolls of fog
 i - 4 scrolls of enchant armour
 s - 7 scrolls of teleportation
 y - 3 scrolls of fear
 A - 10 scrolls of blinking
 J - 6 scrolls of amnesia
 Y - a scroll of summoning
Potions
 k - 15 potions of curing
 m - a potion of cancellation
 t - 4 potions of magic
 v - 5 potions of mutation
 w - 3 potions of heal wounds
 z - 7 potions of might
 C - 3 potions of flight
 F - 3 potions of haste
 I - 4 potions of brilliance
 K - 4 potions of ambrosia
 M - 3 potions of invisibility
 R - 4 potions of berserk rage
 U - 3 potions of resistance
Miscellaneous
 X - a piece from Xom's chessboard (15/15)


   Skills:
 + Level 4.9 Fighting
 + Level 3.0 Armour
 + Level 6.5 Dodging
 - Level 1.7 Stealth
 + Level 3.7 Shields
 + Level 19.7 Spellcasting
 * Level 20.5 Conjurations
 - Level 2.0 Translocations
 - Level 3.0 Fire Magic
 + Level 17.4 Air Magic
 + Level 6.6 Earth Magic
 + Level 0.8 Invocations
 + Level 1.1 Evocations


You had 9 spell levels left.
You knew the following spells:

 Your Spells              Type           Power      Damage    Failure   Level
a - Shock                 Conj/Air       100%       1d9       0%          1
b - Swiftness             Air            94%        N/A       0%          3
c - Airstrike             Air            47%        N/A       0%          4
d - Stone Arrow           Conj/Erth      100%       3d13      1%          3
e - Hailstorm             Conj/Ice       74%        3d15      1%          4
f - Sticky Flame          Conj/Fire      79%        2d9       1%          4
g - Freezing Cloud        Conj/Ice/Air   40%        6-21      1%          5
h - Flame Wave            Conj/Fire      79%        2d11      1%          4
i - Iskenderun's Battles  Conj           100%       2d15      0%          5
j - Blink                 Tloc           82%        N/A       1%          2
k - Iron Shot             Conj/Erth      42%        9d8       1%          6
l - Maxwell's Capacitive  Air            47%        ∞         9%          8

Your spell library contained the following spells:

 Spells                   Type           Power      Damage    Failure   Level
 Foxfire                  Conj/Fire      100%       2x1d9     0%          1
 Magic Dart               Conj           100%       1d8       0%          1
 Searing Ray              Conj           100%       2d8       0%          2
 Static Discharge         Conj/Air       97%        N/A       0%          2
 Animate Skeleton         Necr           58%        N/A       1%          1
 Freeze                   Ice            100%       1d11      1%          1
 Pain                     Necr           100%       1d9       1%          1
 Sandblast                Erth           100%       2d20      1%          1
 Summon Small Mammal      Summ           100%       N/A       1%          1
 Corpse Rot               Necr/Air       100%       N/A       1%          2
 Passwall                 Tmut/Erth      40%        N/A       1%          2
 Poisonous Vapours        Pois/Air       100%       N/A       1%          2
 Conjure Flame            Conj/Fire      79%        6-21      1%          3
 Dazzling Flash           Conj/Hex       100%       N/A       1%          3
 Mephitic Cloud           Conj/Pois/Air  81%        N/A       1%          3
 Fulminant Prism          Conj/Hex       47%        3d21      1%          4
 Iskenderun's Mystic Bla  Conj/Tloc      77%        2d15      1%          4
 Summon Lightning Spire   Summ/Air       70%        N/A       1%          4
 Fireball                 Conj/Fire      39%        3d16      1%          5
 Irradiate                Conj/Tmut      37%        3d25      1%          5
 Lightning Bolt           Conj/Air       48%        1d69      1%          5
 Silence                  Hex/Air        44%        N/A       1%          5
 Conjure Ball Lightning   Conj/Air       48%        3x3d17    1%          6
 Starburst                Conj/Fire      39%        6d11      1%          6
 Orb of Destruction       Conj           50%        9d15      1%          7
 Call Imp                 Summ           29%        N/A       2%          2
 Ensorcelled Hibernation  Hex/Ice        88%        N/A       2%          2
 Inner Flame              Hex/Fire       55%        N/A       2%          3
 Lesser Beckoning         Tloc           41%        N/A       2%          3
 Portal Projectile        Hex/Tloc       100%       N/A       3%          3
 Lee's Rapid Deconstruct  Erth           31%        3d17*     3%          5
 Call Canine Familiar     Summ           29%        N/A       4%          3
 Frozen Ramparts          Ice            58%        1d7       4%          3
 Ozocubu's Armour         Ice            29%        N/A       4%          3
 Spider Form              Tmut/Pois      29%        N/A       4%          3
 Summon Guardian Golem    Hex/Summ       44%        N/A       4%          3
 Tukima's Dance           Hex            44%        N/A       4%          3
 Animate Armour           Summ/Erth      98%        N/A       4%          4
 Leda's Liquefaction      Hex/Erth       32%        N/A       4%          4
 Petrify                  Tmut/Erth      49%        N/A       4%          4
 Passage of Golubria      Tloc           41%        N/A       8%          4
 Borgnjor's Vile Clutch   Necr/Erth      24%        N/A       12%         5
 Cause Fear               Hex            22%        N/A       17%         4
 Ice Form                 Ice/Tmut       29%        N/A       17%         4
 Olgreb's Toxic Radiance  Pois           29%        N/A       17%         4
 Summon Ice Beast         Ice/Summ       29%        N/A       17%         4
 Manifold Assault         Tloc           41%        N/A       21%         5
 Spellforged Servitor     Conj/Summ      37%        N/A       22%         7
 Summon Forest            Summ/Tloc      17%        N/A       30%         5
 Storm Form               Tmut/Air       35%        N/A       38%         7
 Lehudib's Crystal Spear  Conj/Erth      42%        10d10     38%         8
 Agony                    Necr           29%        N/A       43%         5
 Excruciating Wounds      Necr           14%        N/A       43%         5
 Metabolic Englaciation   Hex/Ice        22%        N/A       43%         5
 Summon Mana Viper        Hex/Summ       44%        N/A       43%         5
 Yara's Violent Unravell  Hex/Tmut       22%        3d10      43%         5
 Statue Form              Tmut/Erth      32%        N/A       54%         6
 Chain Lightning          Conj/Air       48%        3d64      56%         9
 Death Channel            Necr           14%        N/A       95%         6
 Eringya's Noxious Bog    Tmut/Pois      14%        N/A       95%         6
 Summon Cactus Giant      Summ           14%        N/A       95%         6
 Haunt                    Necr/Summ      14%        N/A       100%        7
 Monstrous Menagerie      Summ           14%        N/A       100%        7
 Ozocubu's Refrigeration  Ice            14%        4d7       100%        7
 Summon Hydra             Summ           14%        N/A       100%        7
 Borgnjor's Revivificati  Necr           14%        N/A       100%        8
 Discord                  Hex            22%        N/A       100%        8
 Disjunction              Tloc           20%        N/A       100%        8
 Necromutation            Tmut/Necr      14%        N/A       100%        8
 Fire Storm               Conj/Fire      39%        8d10      100%        9
 Polar Vortex             Ice            14%        N/A       100%        9
 Shatter                  Erth           31%        3d25*     100%        9


Dungeon Overview and Level Annotations

Branches:
Dungeon (15/15)            Temple (1/1) D:5            Lair (6/6) D:11
  Swamp (4/4) Lair:4       Spider (4/4) Lair:2        Slime (0/5) Lair:6
    Orc (2/2) D:9             Elf (3/3) Orc:2        Vaults (1/5) D:13
 Depths (0/4) D:15          Sewer (visited)         Ossuary (visited)

Altars:
Ashenzari
Dithmenos
Elyvilon
Fedhas
Gozag
Hepliaklqana
Kikubaaqudgha
Nemelex Xobeh
Okawaru
Qazlal
Ru
Sif Muna
Uskayaw
Wu Jian
Xom
Zin
Jiyva

Shops:
D:3 *   D:5 *   D:9 *   D:11 ?   Orc:1 *   Orc:2 :=*(   Elf:1 [   Elf:2 ?=*
Elf:3 ([*(   Vaults:1 :

Portals:
Trove: D:12 (give 13 potions of heal wounds)

Annotations:
Lair:3 water cache/vault
Swamp:4 2 transporters, swappor's ghost, adept MiBe


Innate Abilities, Weirdness & Mutations

You have claws for hands.
Your demonic aura often causes spilled blood to erupt in flames.
You regenerate a lot of health from kills.
Your melee attacks may debilitate your foes.
When seriously injured, your blood forms very thick armour. (AC +12)
Your hexes are more powerful.


Message History

The barrage of energy hits the freezing wraith!
You destroy the freezing wraith!
Sif Muna accepts your kill.
Unknown command.
You start resting.
HP restored.
You start resting.
Magic restored.
Casting: Sticky Flame (safe; 1% risk of failure)
Confirm with . or Enter, or press ? or * to list all spells.
You don't know that spell.
The yaktaur captain shoots a bolt.
The bolt completely misses you. The bolt hits your battlesphere!!
Your battlesphere is destroyed!
The yaktaur captain shoots a bolt.
The bolt hits you!!
Casting: Sticky Flame (safe; 1% risk of failure)
Confirm with . or Enter, or press ? or * to list all spells.
Aiming: Stone Arrow (safe; 1% risk of failure)
Press: ? - help, Shift-Dir - straight line, f - yaktaur captain
Aim: a yaktaur captain, wielding a +0 arbalest and quivering bolts (92% to hit)
The stone arrow hits the yaktaur captain!!
The yaktaur captain is moderately wounded.
The yaktaur captain shoots a bolt.
The bolt hits you!!!
Your blood congeals into armour.
Unknown command.
Casting: Stone Arrow (safe; 1% risk of failure)
Confirm with . or Enter, or press ? or * to list all spells.
You blink.
The yaktaur captain shoots a bolt.
The bolt hits you!!
* * * LOW HITPOINT WARNING * * *
Unknown command.
Unknown command.
Blink to where?
Press: ? - help, Dir - move target, p - yaktaur captain You can't see that place. [the floor.]
Okay, then.
You feel much better.
You feel stable enough to blink again.
The yaktaur captain shoots a bolt.
The bolt hits you!!!
You die...

########### #.....
#.........# #.....
#.........# #.....
#.........#
########.T...
#.........#
#......#)....
#.........#
#......))....
#.........#
#......######
########'#######......#
#...[.@...#......#
#...[.....c[.....#
#....°.°☼.#......#
#..∩..°°☼.#......#
#.........########
#.........# ###########


You could see a yaktaur captain.

Vanquished Creatures
  Arachne (Spider:2)
  Jorgrun (D:15)
  Asterion (Elf:1)
  2 deep elf blademasters
  2 deep elf master archers (Elf:3)
  2 thorn hunters (Swamp:4)
  Kirke (D:15)
  Roxanne (Spider:2)
  A tengu reaver (Vaults:1)
  Donald (Spider:2)
  A fenstrider witch (Swamp:4)
  2 vault wardens (Vaults:1)
  5 deep elf sorcerers
  3 ghost moths
  7 emperor scorpions
  Louise (Elf:1)
  6 deep elf elementalists
  A broodmother (Spider:4)
  2 ironbound preservers (Vaults:1)
  Nessos (Lair:5)
  2 entropy weavers
  3 deep elf demonologists (Elf:3)
  8 eleionomae
  A dire elephant (Lair:6)
  6 deep elf annihilators (Elf:3)
  3 bunyips
  3 spark wasps
  9 deep elf death magi
  A fire dragon (Swamp:4)
  3 deep elf high priests (Elf:3)
  Fannar (Lair:2)
  Harold (Lair:2)
  29 hydras
  8 boulder beetles
  2 vault guards (D:13)
  4 ogre magi
  2 jorogumos
  A spriggan air mage (Swamp:3)
  3 catoblepae
  A ghost crab (Swamp:4)
  A radroach (Spider:4)
  9 centaur warriors
  16 two-headed ogres
  30 dancing weapons
  9 death yaks
  9 alligators
  A deep troll shaman (Lair:6)
  2 tengu warriors (D:13)
  An orc high priest (Orc:2)
  Sonja (Lair:2)
  13 deep elf knights
  5 pharaoh ants
  2 skeletal warriors (D:15)
  The ghost of ASSMAN the Devastator, a novice TeCj of the Shining One (D:9)
  2 goliath frogs
  2 bog bodies
  14 orb spiders
  6 steelbarb worms
  8 deep trolls
  8 swamp dragons (Swamp:4)
  4 spriggan druids
  3 deep elf archers
  A sphinx zombie (D:15)
  2 orc knights
  Pikel (D:6)
  4 ironbound convokers (Vaults:1)
  4 wizards
  7 will-o-the-wisps
  6 lindwurms
  20 deep elf pyromancers
  25 deep elf zephyrmancers
  A frost giant zombie (D:15)
  2 necromancers
  22 wolf spiders
  7 cyclopes
  19 ugly things
  A stone giant zombie (D:15)
  5 manticores
  2 moths of wrath
  6 black mambas
  20 elephants
  Maurice (D:8)
  3 torpor snails
  A cane toad (shapeshifter) (D:15)
  The ghost of hgbash the Magician, a novice DECj (D:4)
  An ice statue (Lair:3)
  19 cane toads
  3 gargoyles
  An unseen horror (shapeshifter) (D:14)
  Maggie (D:6)
  A kobold demonologist (D:14)
  An unseen horror (D:12)
  A freezing wraith (Vaults:1)
  7 demonic crawlers
  15 komodo dragons
  5 yaktaurs
  2 efreet
  2 tengu conjurers
  4 rime drakes
  12 trolls
  4 bloated husks
  9 tyrant leeches
  15 meliai
  A queen bee (shapeshifter) (D:15)
  A wind drake (shapeshifter) (D:13)
  2 polar bears
  32 tarantellas
  9 hornets
  Grinder (D:4)
  43 blink frogs
  The ghost of Strat the Sneak, an amateur GnEn (D:6)
  Prince Ribbit (D:8)
  8 slime creatures
  3 dream sheep (Lair:4)
  15 culicivoras
  A spriggan zombie (D:15)
  23 jumping spiders
  9 spriggans
  3 vampires
  An air elemental (Elf:2)
  4 shadows
  65 yaks
  3 wraiths
  4 hogs (D:15)
  4 wyverns
  9 water elementals
  7 basilisks
  3 fire elementals
  A human (shapeshifter) (D:15)
  21 vampire mosquitoes
  45 redbacks
  Menkaure (D:4)
  11 swamp worms
  Edmund (D:5)
  An acid dragon (D:9)
  3 wargs
  11 water moccasins
  10 orc warriors
  Pargi (Sewer)
  3 swamp drakes (Swamp:4)
  2 hornet zombies
  5 black bears
  A necrophage (D:6)
  A sky beast (D:3)
  25 ogres
  16 centaurs
  2 boggarts
  27 wolves
  4 lemures (D:6)
  A phantom (D:9)
  3 elf zombies (Ossuary)
  7 kobold brigands
  19 bullfrogs
  2 scorpions
  2 troll zombies (D:9)
  7 killer bees
  9 electric eels
  6 howler monkeys
  7 centaur zombies
  A bullfrog zombie (D:7)
  2 jellies (D:6)
  A human zombie (Ossuary)
  A gnoll shaman (D:4)
  8 orc priests
  Crazy Yiuf (D:4)
  2 centaur skeletons
  Jessica (D:2)
  3 iguanas
  12 orc wizards
  6 hell rats (Lair:4)
  6 ogre zombies (D:9)
  2 hound zombies (Ossuary)
  3 mummies (Ossuary)
  4 howler monkey zombies
  4 gnolls (D:4)
  8 adders
  2 river rats (D:4)
  3 white imps
  2 adder zombies (Ossuary)
  3 worms
  3 dart slugs
  63 orcs
  10 endoplasms
  3 giant cockroaches
  3 gnoll zombies (Ossuary)
  6 goblins
  2 hobgoblins
  5 jackals
  2 quokkas
  10 ball pythons
  6 bats
  8 frilled lizards
  A goblin skeleton (D:9)
  5 goblin zombies
  2 hobgoblin skeletons (D:9)
  4 hobgoblin zombies
  4 jackal zombies (Ossuary)
  30 kobolds
  5 kobold zombies (Ossuary)
  3 orc skeletons (D:9)
  16 orc zombies (D:9)
  3 quokka zombies (Ossuary)
  8 rats
  5 rat zombies (Ossuary)
  6 briar patches (Swamp:4)
1340 creatures vanquished.

Vanquished Creatures (others)
  A fire giant (Vaults:1)
  A vampire mage (D:15)
  A deep elf knight (Elf:1)
  A deep elf pyromancer (Elf:3)
  A bloated husk (Swamp:2)
  A human (D:15)
  A redback (Spider:3)
  4 foxfires (Swamp:2)
  30 fungi
  78 plants
  9 withered plants (D:15)
128 creatures vanquished.

Grand Total: 1468 creatures vanquished

Notes
Turn   | Place    | Note
-------+----------+-------------------------------------------
     0 | D:1      | rogsnak the Demonspawn Air Elementalist began the quest for
                  | the Orb.
     0 | D:1      | Reached XP level 1. HP: 13/13 MP: 3/3
   387 | D:1      | Gained mutation: You have sharp fingernails. [demonic
                  | ancestry]
   387 | D:1      | Reached XP level 2. HP: 18/19 MP: 3/5
   929 | D:2      | Gained mutation: You have very sharp fingernails. [demonic
                  | ancestry]
   929 | D:2      | Reached XP level 3. HP: 22/24 MP: 3/6
   953 | D:2      | Found a faded altar of an unknown god.
  1102 | D:2      | Reached skill level 2 in Conjurations
  1598 | D:2      | Noticed Jessica
  1602 | D:2      | Killed Jessica
  1603 | D:2      | Gained mutation: You regenerate a little health from kills.
                  | [demonic ancestry]
  1603 | D:2      | Reached XP level 4. HP: 30/30 MP: 4/8
  1670 | D:3      | Noticed a sky beast
  1678 | D:2      | Learned a level 3 spell: Swiftness
  1683 | D:2      | Learned a level 4 spell: Airstrike
  1710 | D:3      | Found Kit Xuinn's Assorted Antiques.
  2194 | D:3      | Killed a sky beast
  2195 | D:3      | Reached skill level 3 in Conjurations
  2195 | D:3      | Gained mutation: You regenerate health from kills. [demonic
                  | ancestry]
  2195 | D:3      | Reached XP level 5. HP: 17/35 MP: 3/10
  2525 | D:3      | Found a sparkling altar of Nemelex Xobeh.
  3062 | D:4      | Noticed Menkaure
  3160 | D:4      | Gained mutation: When seriously injured, your blood forms
                  | armour. (AC +12) [demonic ancestry]
  3160 | D:4      | Reached XP level 6. HP: 39/41 MP: 8/11
  3179 | D:4      | Found a glowing drain.
  3185 | Sewer    | Entered a sewer
  3223 | Sewer    | Reached skill level 4 in Conjurations
  3353 | Sewer    | Noticed Pargi
  3377 | Sewer    | Killed Pargi
  4094 | D:4      | Reached XP level 7. HP: 47/47 MP: 10/12
  4375 | D:4      | Reached skill level 5 in Conjurations
  4467 | D:4      | Noticed Grinder
  4536 | D:4      | Found a runed translucent gate.
  4536 | D:4      | Found a runed translucent gate.
  4536 | D:4      | Found a runed translucent gate.
  4539 | D:4      | Noticed hgbash's ghost (novice DECj)
  4647 | D:4      | Found a runed translucent door.
  4648 | D:4      | Noticed Crazy Yiuf
  4671 | D:4      | Killed Crazy Yiuf
  4947 | D:4      | Paralysed by Grinder for 6 turns
  4957 | D:4      | Killed Grinder
  4958 | D:4      | Reached skill level 1 in Fighting
  5036 | D:4      | Reached skill level 6 in Conjurations
  5036 | D:4      | Reached skill level 5 in Air Magic
  5036 | D:4      | Reached XP level 8. HP: 33/54 MP: 10/15
  5362 | D:4      | Killed hgbash's ghost
  5363 | D:4      | Reached skill level 5 in Spellcasting
  5405 | D:5      | Entered Level 5 of the Dungeon
  5482 | D:5      | Noticed Edmund
  5506 | D:5      | Identified the amulet of Leveg {Faith Drain Int+9}
  5515 | D:5      | Found a sand-covered staircase.
  5520 | Ossuary  | Entered an ossuary
  5800 | Ossuary  | Reached skill level 7 in Conjurations
  6205 | D:5      | Found Cirgh's General Store.
  6306 | D:5      | Killed Edmund
  6307 | D:5      | Gained mutation: When seriously injured, your blood forms
                  | thick armour. (AC +12) [demonic ancestry]
  6307 | D:5      | Reached XP level 9. HP: 51/59 MP: 2/17
  6387 | D:5      | Found a shimmering altar of Xom.
  6392 | D:5      | Found an ornate altar of the Wu Jian Council.
  6628 | D:5      | Found a staircase to the Ecumenical Temple.
  6636 | Temple   | Entered the Ecumenical Temple
  6662 | Temple   | Became a worshipper of Sif Muna the Loreminder
  6906 | D:6      | Noticed Maggie
  6920 | D:6      | Killed Maggie
  7124 | D:6      | Found a runed translucent gate.
  7124 | D:6      | Found a runed translucent gate.
  7125 | D:6      | Found a runed translucent gate.
  7127 | D:6      | Noticed Strat's ghost (amateur GnEn)
  7601 | D:6      | Reached skill level 8 in Conjurations
  7801 | D:6      | Noticed Pikel
  7816 | D:6      | Killed Pikel
  8158 | D:7      | Reached * piety under Sif Muna
  8439 | D:7      | Gained mutation: Your demonic aura sometimes causes spilled
                  | blood to erupt in flames. [demonic ancestry]
  8439 | D:7      | Reached XP level 10. HP: 66/66 MP: 3/21
  9232 | D:8      | Noticed Maurice
  9240 | D:8      | Killed Maurice
  9655 | D:8      | Noticed Prince Ribbit
  9666 | D:8      | Killed Prince Ribbit
  9667 | D:8      | Reached skill level 9 in Conjurations
 10021 | D:9      | Reached ** piety under Sif Muna
 10182 | D:9      | Noticed a deep elf pyromancer
 10191 | D:9      | Killed a deep elf pyromancer
 10219 | D:9      | Noticed a boulder beetle
 10589 | D:9      | Found an opulent altar of Gozag.
 10590 | D:9      | Found a runed translucent gate.
 10590 | D:9      | Found a runed translucent gate.
 10601 | D:9      | Found a runed translucent gate.
 10614 | D:9      | Found Fafaol's Assorted Antiques.
 10614 | D:9      | Noticed ASSMAN's ghost (novice TeCj)
 10616 | D:9      | Noticed a wizard
 10651 | D:9      | Found a staircase to the Orcish Mines.
 10660 | D:9      | Reached *** piety under Sif Muna
 10748 | D:10     | Entered Level 10 of the Dungeon
 11125 | D:10     | Noticed a seven-headed hydra
 11394 | D:10     | Gained mutation: Your demonic aura often causes spilled
                  | blood to erupt in flames. [demonic ancestry]
 11394 | D:10     | Reached XP level 11. HP: 63/72 MP: 16/23
 11735 | D:10     | Reached skill level 10 in Conjurations
 12237 | D:11     | Noticed a cyan ugly thing
 12260 | D:11     | Killed a cyan ugly thing
 12354 | D:11     | Noticed a two-headed ogre
 12370 | D:11     | Killed a two-headed ogre
 12371 | D:11     | Reached skill level 10 in Air Magic
 12430 | D:11     | Noticed a two-headed ogre
 12435 | D:11     | Killed a two-headed ogre
 12464 | D:11     | Found Faoneufaor's Magic Scroll Emporium.
 12598 | D:11     | Reached **** piety under Sif Muna
 12599 | D:11     | Reached skill level 10 in Spellcasting
 12805 | D:11     | Found a staircase to the Lair.
 12883 | D:12     | Noticed a purple ugly thing
 12891 | D:12     | Killed a purple ugly thing
 12990 | D:12     | Noticed a boulder beetle
 13448 | D:12     | Found a portal to a secret trove of treasure.
 13468 | D:12     | Noticed a two-headed ogre
 13481 | D:12     | Killed a two-headed ogre
 13482 | D:12     | Gained mutation: You have claws for hands. [demonic
                  | ancestry]
 13482 | D:12     | Reached XP level 12. HP: 41/81 MP: 11/26
 14211 | D:12     | Reached skill level 11 in Conjurations
 14281 | D:12     | Killed a boulder beetle
 14820 | D:13     | Noticed a four-headed hydra
 14829 | D:13     | Killed a four-headed hydra
 15329 | D:13     | Paralysed by a hornet for 3 turns
 16574 | D:13     | Noticed an ogre mage
 16574 | D:13     | Noticed a two-headed ogre
 16585 | D:13     | Killed a two-headed ogre
 16621 | D:13     | Killed an ogre mage
 16667 | D:13     | Learned a level 3 spell: Stone Arrow
 16672 | D:13     | Learned a level 4 spell: Hailstorm
 16683 | D:13     | Found a gate to the Vaults.
 16931 | D:13     | Noticed a two-headed ogre
 16954 | D:13     | Killed a two-headed ogre
 17108 | D:13     | Identified the +9 dagger "Ycwuts" {elec, rElec}
 17148 | D:13     | Noticed a tengu warrior
 17149 | D:13     | Noticed a tengu warrior
 17153 | D:13     | Killed a tengu warrior
 17160 | D:13     | Killed a tengu warrior
 17497 | D:14     | Noticed a centaur warrior
 17516 | D:14     | Gained mutation: Your hexes are more powerful. [demonic
                  | ancestry]
 17516 | D:14     | Reached XP level 13. HP: 72/87 MP: 24/28
 17520 | D:14     | Reached ***** piety under Sif Muna
 17521 | D:14     | Reached skill level 1 in Shields
 17613 | D:14     | Received a gift from Sif Muna
 17616 | D:14     | Got Adwi's Handbook of Conjuration {god gift}
 17635 | D:14     | Learned a level 4 spell: Sticky Flame
 17880 | D:14     | Reached skill level 12 in Conjurations
 18692 | D:14     | Found a shadowy altar of Dithmenos.
 19222 | Orc:1    | Entered Level 1 of the Orcish Mines
 19254 | Orc:1    | Found Yfyf's General Store.
 19308 | Orc:1    | You fall into a shaft and drop 1 floor!
 19308 | Orc:2    | Entered Level 2 of the Orcish Mines
 19355 | Orc:2    | Reached skill level 5 in Dodging
 20305 | Orc:2    | Reached skill level 1 in Fire Magic
 20742 | Orc:2    | Found Jarid's Jewellery Emporium.
 20749 | Orc:2    | Found Ymiovos's Weapon Shop.
 20802 | Orc:2    | Found Fuger's Book Shoppe.
 20803 | Orc:2    | Found Vuotsaca's General Store.
 21054 | Orc:2    | Received a gift from Sif Muna
 21055 | Orc:2    | Got Sif Muna's Grimoire of Flight {god gift}
 21063 | Orc:2    | Learned a level 5 spell: Freezing Cloud
 21702 | Orc:2    | Found a staircase to the Elven Halls.
 22349 | Lair:1   | Entered Level 1 of the Lair of Beasts
 22365 | Lair:1   | Gained mutation: When seriously injured, your blood forms
                  | very thick armour. (AC +12) [demonic ancestry]
 22365 | Lair:1   | Reached XP level 14. HP: 94/94 MP: 17/31
 23737 | Lair:2   | Reached skill level 13 in Conjurations
 24088 | Lair:2   | Noticed Sonja
 24100 | Lair:2   | Killed Sonja
 24175 | Lair:2   | Noticed Harold
 24722 | Lair:2   | Noticed Fannar
 24754 | Lair:2   | Killed Fannar
 24852 | Lair:2   | Found a hole to the Spider Nest.
 25038 | Lair:2   | Killed Harold
 25935 | Lair:3   | Found a runed translucent door.
 25966 | Lair:3   | Received a gift from Sif Muna
 25967 | Lair:3   | Got Sif Muna's Grimoire of Darkness and Conjuration {god
                  | gift}
 27055 | Lair:4   | Learned a level 4 spell: Flame Wave
 28150 | Lair:4   | Reached skill level 14 in Conjurations
 28150 | Lair:4   | Reached XP level 15. HP: 100/100 MP: 18/33
 28550 | Lair:4   | Reached skill level 15 in Spellcasting
 28934 | Lair:4   | Found a staircase to the Swamp.
 29175 | Lair:5   | Received a gift from Sif Muna
 29226 | Lair:5   | Got Sif Muna's Volume of Creative Heat {god gift}
 29296 | Lair:5   | You fall into a shaft and drop 1 floor!
 29296 | Lair:6   | Entered Level 6 of the Lair of Beasts
 29355 | Lair:6   | Found a viscous altar of Jiyva.
 29355 | Lair:6   | Found a staircase to the Slime Pits.
 30653 | Lair:5   | Noticed Nessos
 30659 | Lair:5   | Killed Nessos
 31285 | Lair:6   | Received a gift from Sif Muna
 31286 | Lair:6   | Got Myzxirch's Volume of Flight {god gift}
 31389 | Lair:6   | Reached skill level 15 in Air Magic
 31826 | Lair:6   | Got the Papyrus of Entrancing Snow
 31835 | Lair:6   | Upgraded the game from 0.28-a0-1415-g7c84da036a to
                  | 0.28-a0-1429-gf3d713df7a
 32566 | Lair:3   | Identified the +1 hand axe of Res Nullius {freeze, Dex+7}
 32760 | Swamp:1  | Entered Level 1 of the Swamp
 33046 | Swamp:1  | Reached XP level 16. HP: 108/108 MP: 28/36
 33544 | Swamp:2  | Reached skill level 15 in Conjurations
 33552 | Swamp:2  | Reached skill level 1 in Earth Magic
 34884 | Swamp:3  | Received a gift from Sif Muna
 34890 | Swamp:3  | Got Dianimi's Incunabulum of Combat Magic {god gift}
 34982 | Swamp:3  | Learned a level 5 spell: Iskenderun's Battlesphere
 35404 | Swamp:4  | Entered Level 4 of the Swamp
 35419 | Swamp:4  | Noticed a thorn hunter
 35495 | Swamp:4  | Killed a thorn hunter
 35785 | Swamp:4  | Found a transporter.
 35787 | Swamp:4  | Found a transporter.
 35787 | Swamp:4  | Noticed swappor's ghost (adept MiBe)
 35788 | Swamp:4  | Noticed a tentacled monstrosity
 35819 | Swamp:4  | Reached skill level 16 in Conjurations
 35933 | Swamp:4  | Noticed a thorn hunter
 36261 | Swamp:4  | Killed a thorn hunter
 36736 | Swamp:4  | Got a decaying rune of Zot
 36780 | Swamp:4  | Reached XP level 17. HP: 113/113 MP: 18/38
 37199 | D:4      | Killed Menkaure
 37240 | D:3      | Bought a smoking falchion for 168 gold pieces
 37240 | D:3      | Identified the +9 falchion "Zeloz" {drain, rPois rC++} (You
                  | bought it in a shop on level 3 of the Dungeon)
 37248 | D:3      | Bought a faintly humming robe for 119 gold pieces
 37248 | D:3      | Identified the +1 robe "Behas" {rPois rCorr Str+4 Dex-4}
                  | (You bought it in a shop on level 3 of the Dungeon)
 37412 | Elf:1    | Entered Level 1 of the Elven Halls
 37928 | Elf:1    | Noticed Asterion
 37955 | Elf:1    | Received a gift from Sif Muna
 37961 | Elf:1    | Got Sif Muna's Disquisition on Earth {god gift}
 38120 | Elf:1    | Reached skill level 17 in Conjurations
 38156 | Elf:1    | Found Ritiruqos's Antique Armour Emporium.
 38162 | Elf:1    | Bought a glowing helmet for 202 gold pieces
 38217 | Elf:1    | Noticed Louise
 38238 | Elf:1    | Killed Louise
 38372 | Elf:1    | Killed Asterion
 38410 | Elf:2    | Found Teynguebbo's Jewellery Shoppe.
 38800 | Elf:2    | Found Rocamm's Magic Scroll Emporium.
 39480 | Elf:2    | Paralysed by an air elemental for 1 turns
 39483 | Elf:2    | Paralysed by an air elemental for 1 turns
 39611 | Elf:2    | Found a shimmering blue altar of Sif Muna.
 39647 | Elf:2    | Found a runed translucent gate.
 39647 | Elf:2    | Found a runed translucent gate.
 39648 | Elf:2    | Found a runed translucent gate.
 39721 | Elf:2    | Found Kusyuwegi's Assorted Antiques.
 39729 | Elf:2    | Bought a fizzy pink potion for 25 gold pieces
 39729 | Elf:2    | Bought 3 scrolls of blinking for 630 gold pieces
 40469 | Elf:2    | Noticed a deep elf blademaster
 40475 | Elf:2    | Killed a deep elf blademaster
 40904 | Elf:3    | Entered Level 3 of the Elven Halls
 40912 | Elf:3    | Found Jakiuxzeigu's Assorted Antiques.
 40915 | Elf:3    | Found Vonawuorgh's Antique Weapon Shoppe.
 40915 | Elf:3    | Found Rakhladi's Weapon Emporium.
 40920 | Elf:3    | Found Kuizoh's Antique Armour Emporium.
 40961 | Elf:3    | Found a flickering gateway to a bazaar.
 40978 | Bazaar   | Entered a bazaar
 40982 | Bazaar   | Found Xametam's Assorted Antiques.
 41000 | Bazaar   | Found Udwidas's Distillery.
 41018 | Bazaar   | Found Xeseokh's Distillery.
 41035 | Bazaar   | Found Gootiupp's Antique Armour Shoppe.
 41058 | Bazaar   | Bought a pair of glowing boots for 165 gold pieces
 41077 | Bazaar   | Bought a potion of magic for 128 gold pieces
 41095 | Bazaar   | Bought a potion of heal wounds for 70 gold pieces
 41095 | Bazaar   | Bought a potion of mutation for 112 gold pieces
 41162 | Elf:3    | Bought a fine leather armour for 217 gold pieces
 41162 | Elf:3    | Identified the +3 leather armour "Nosiczet" {Regen+} (You
                  | bought it in a shop on level 3 of the Elven Halls)
 41248 | Elf:3    | Received a gift from Sif Muna
 41251 | Elf:3    | Got Sif Muna's Papyrus of Envenoming and Creation {god
                  | gift}
 41323 | Elf:3    | Reached skill level 18 in Conjurations
 41354 | Elf:3    | Identified the +6 hunting sling "Zuimuoj" {vorpal, rPois
                  | rF+ rN+ Dex+2}
 41569 | Elf:3    | Reached XP level 18. HP: 119/119 MP: 34/40
 42087 | Elf:3    | Noticed a Hell Sentinel
 42288 | Elf:3    | Identified the +6 chain mail "Ticeim" {Will+ Dex+9}
 42399 | Elf:3    | Identified the +6 great sword "Beuc" {elec, rPois Str+4}
 42411 | Elf:3    | Identified the +10 long sword of Cataclysm {protect, Int+4}
 42411 | Elf:3    | Identified the ring "Duebast" {rElec rPois Str-3 Int+6
                  | Slay-4}
 42481 | Elf:3    | Found the +3 Mad Mage's Maulers {Infuse+∞ RegenMP Int-3}
 42498 | Elf:3    | Identified the +4 ring mail "Ciressyr" {Contam Str+4 Dex+4}
 42507 | Elf:3    | Identified the +0 chain mail "Teilipa" {rElec rF+ SInv}
 42525 | Elf:3    | Got Uniux's Intricacies of Witchcraft
 42889 | Spider:1 | Entered Level 1 of the Spider Nest
 42921 | Spider:1 | Reached skill level 1 in Armour
 42931 | Spider:1 | Reached skill level 1 in Evocations
 43602 | Spider:1 | Received a gift from Sif Muna
 43611 | Spider:1 | Got Sif Muna's Almanac of Gliding Evil Secrets {god gift}
 44245 | Spider:2 | Noticed Arachne
 44383 | Spider:2 | Noticed Donald
 44391 | Spider:2 | Killed Donald
 44655 | Spider:2 | Reached skill level 5 in Earth Magic
 44789 | Spider:2 | Killed Arachne
 44947 | Spider:2 | Identified Roxanne's Almanac of Earth
 44947 | Spider:2 | Noticed Roxanne
 45031 | Spider:2 | Killed Roxanne
 45089 | Spider:2 | Reached skill level 19 in Conjurations
 45290 | Spider:2 | Learned a level 2 spell: Blink
 45297 | Spider:2 | Learned a level 6 spell: Iron Shot
 45306 | Spider:2 | Learned a level 8 spell: Maxwell's Capacitive Coupling
 45497 | Spider:2 | Received a gift from Sif Muna
 45498 | Spider:2 | Got Sif Muna's Catalogue of Enchantment and Moulding {god
                  | gift}
 45830 | Spider:3 | Reached skill level 1 in Translocations
 45950 | Spider:3 | Gained mutation: Your melee attacks may debilitate your
                  | foes. [demonic ancestry]
 45950 | Spider:3 | Reached XP level 19. HP: 125/125 MP: 31/42
 46582 | Spider:4 | Entered Level 4 of the Spider Nest
 47236 | Spider:4 | Received a gift from Sif Muna
 47256 | Spider:4 | Got Sif Muna's Reference Book on Feathers and Conjuration
                  | {god gift}
 47796 | Spider:4 | Got a gossamer rune of Zot
 48241 | D:6      | Killed Strat's ghost
 48400 | D:9      | Killed ASSMAN's ghost
 49029 | D:15     | Entered Level 15 of the Dungeon
 49029 | D:15     | Noticed Jorgrun
 49036 | D:15     | Killed Jorgrun
 49309 | D:15     | Reached skill level 20 in Conjurations
 49985 | D:15     | Noticed Kirke
 49989 | D:15     | Killed Kirke
 50250 | D:15     | Found a staircase to the Depths.
 50263 | D:15     | Received a gift from Sif Muna
 50266 | D:15     | Got Sif Muna's Almanac of Conjuration {god gift}
 50876 | Vaults:1 | Entered Level 1 of the Vaults
 51171 | Vaults:1 | Found Rupuipau's Book Shoppe.
 51513 | D:13     | Gained mutation: You regenerate a lot of health from kills.
                  | [demonic ancestry]
 51513 | D:13     | Reached XP level 20. HP: 30/131 MP: 23/43
 51982 | Vaults:1 | Shot with a bolt by a yaktaur captain

Illustrated notes

Levels and vault maps discovered:
D:1:      minmay_arrival_loop, layout_rooms, hangedman_glass_teeth
D:2:      layout_rooms, hellmonk_ecumenical_altar_slurped_away, minmay_bisected,
          uniq_jessica
D:3:      layout_rooms, nemelex_dance_club_becter, serial_shops,
          nicolae_diamond_shop, st_stairs_12
D:4:      layout_loops_ring, lemuel_tele_altar, ebering_ghost_rock_garden,
          portal_sewer_entry_e, uniq_crazy_yiuf_cottage, uniq_menkaure,
          uniq_grinder
D:5:      layout_cave_pools, mainiacjoe_overflow_big_doors,
          minmay_temple_entry_nine_rooms, serial_shops, shop,
          nicolae_ossuary_entry_false_entrances, uniq_edmund
D:6:      layout_layer_cave, gammafunk_ghost_necromancy,
          minmay_misc_feat_square, due_unseen_surprise, uniq_maggie, uniq_pikel
D:7:      layout_cave_pods, fountainhead
D:8:      layout_cave_pods, minmay_misc_feat_room, skrybe_limestone_x,
          uniq_prince_ribbit1, uniq_maurice
D:9:      layout_basic, zombieorc2_lemuel, ebering_ghost_gozag,
          kennysheep_generic_room_10
D:10:     layout_loops_ring
D:11:     layout_big_octagon, lair_entry_dummy, serial_shops, shop
D:12:     layout_rooms, enter_trove_0, st_stairs_11
D:13:     layout_loops_ring, hangedman_vaults_entry_quadrant_bands,
          kennysheep_crisscross
D:14:     layout_basic, special_room [special_room_orc], serial_park_fountain,
          kennysheep_cross_bottleneck, nicolae_dithmenos_shadow_blocks
D:15:     gammafunk_depths_entry_grave, layout_layer_cave, serial_bayou,
          serial_bayou_pond_b, serial_bayou_pond_d, serial_bayou_ford_a,
          serial_bayou_crossing, uniq_jorgrun, uniq_kirke
Temple:   compressed_dpeg_circular_temple
Lair:1:   layout_layer_cave
Lair:2:   layout_regular_city, spider_nest_entry_funnel_web,
          hangedman_lair_generics_rect, uniq_fannar, uniq_sonja, uniq_harold
Lair:3:   statuecave_lemuel, layout_cave_pods, pf_torpor_hydra,
          lemuel_fruit_fields
Lair:4:   nzn_winding_woodlands_huge [nzn_winding_woodlands_5x15_parted,
          nzn_winding_woodlands_5x15_pool, nzn_winding_woodlands_5x15_eye,
          nzn_winding_woodlands_5x15_lazy_stream,
          nzn_winding_woodlands_5x15_jagged, nzn_winding_woodlands_5x15_garden,
          nzn_winding_woodlands_5x15_split_checker,
          nzn_winding_woodlands_5x15_default, nzn_winding_woodlands_5x15_cabin,
          nzn_winding_woodlands_5x15_river_crossing,
          nzn_winding_woodlands_center_pierced_h,
          nzn_winding_woodlands_center_diamonds,
          nzn_winding_woodlands_15x15_thick_spiral], layout_loops_ring,
          minmay_swamp_entry_swarm
Lair:5:   layout_roguey, grunt_megastairs_3, uniq_nessos
Lair:6:   grunt_lair_end_beastmaster, layout_cave_pods, slime_altar_1,
          serial_bayou_shore_a, grunt_megastairs_5
Swamp:1:  layout_basic_swamp, nicolae_swamp_triple_paths, swamp_pool4
Swamp:2:  layout_falls_marsh, serial_swamp_ruin, evilmike_swamp_ruin_house_3,
          evilmike_swamp_ruin_house_1, evilmike_swamp_ruin_house_4
Swamp:3:  layout_basic_swamp, hangedman_swamp_ruin_hall
Swamp:4:  swamp_alternative, layout_basic_swamp, gammafunk_ghost_arena
Spider:1: layout_chambers, nicolae_spider_nook
Spider:2: layout_spider_delve, hangedman_spider_tarantella_strand, uniq_arachne,
          uniq_roxanne, uniq_donald
Spider:3: cheibrodos_forgotten_conduit, nicolae_spider_checkerboard
Spider:4: grunt_spider_rune_circles, nicolae_spider_claw_tunnel
Orc:1:    layout_caves, serial_shops, nicolae_shop_statue_plus
Orc:2:    st_orc_open, layout_caves, nicolae_orc_sculptors_studio,
          nicolae_orc_damp_corner, nicolae_orc_bridge_out
Elf:1:    eino_elf_arrival_the_gate, layout_gridlike, serial_shops,
          shop_fountains, hangedman_elf_disciples, uniq_asterion, uniq_louise
Elf:2:    nicolae_elf_blades_splatter_lattice
          [nicolae_blade_entry_crossed_weapons], layout_geoelf_octagon,
          serial_shops, nicolae_shop_statue_plus, shop,
          nicolae_shop_hallway_stairs, basic_altar, st_stairs_14,
          serial_sigils_hangedman_snap
Elf:3:    minmay_elf_hall_statues, layout_gridlike, serial_shops, freezing_bzr,
          minmay_shoptagon
Vaults:1: nicolae_vaults_network_periphery, nicolae_vaults_gold_heap,
          ontoclasm_vaults_claustrophobia, nicolae_vaults_specimen_jars,
          v_pattern_3, grunt_vaults_funnel, st_quartered_hall,
          hangedman_vaults_slice, layout_vaults_maze, serial_shops, shop,
          nicolae_shop_behind_doors

Skill      XL: |  1  2  3  4  5  6  7  8  9 10 11 12 13 14 15 16 17 18 19 |
---------------+----------------------------------------------------------+-----
Air Magic      | 3 4 5 6 7 9 10 11 13 14 15 16 17 | 17.4
Dodging        | 2 3 4 5 6 |  6.5
Conjurations   | 2 3 4 6 7 8 9 10 11 12 14 16 18 19 20 | 20.5
Spellcasting   | 3 4 5 7 8 10 11 13 14 16 17 18 19 | 19.7
Fighting       | 1 2 3 4 |  4.9
Shields        | 1 2 3 |  3.7
Fire Magic     | 1 2 3 |  3.0
Earth Magic    | 2 4 5 6 |  6.6
Armour         | 2 3 |  3.0
Evocations     | 1 |  1.1
Translocations | 1 2 |  2.0
Stealth        | |  1.7
Invocations    | |  0.8

Action                   |  1- 3 |  4- 6 |  7- 9 | 10-12 | 13-15 | 16-18 | 19-21 || total
-------------------------+-------+-------+-------+-------+-------+-------+-------++-------
Melee: Hand axe          |    11 |       |       |       |       |       |       ||    11
       Dagger            |     1 |       |     9 |     2 |   242 |    25 |    16 ||   295
       Falchion          |     2 |    12 |     2 |       |       |       |       ||    16
       Short sword       |       |       |    11 |       |       |       |       ||    11
       War axe           |       |       |     7 |   166 |       |       |       ||   173
       Morningstar       |       |       |       |     5 |       |       |       ||     5
 Cast: Shock             |    92 |   132 |   284 |   238 |   247 |   210 |    78 ||  1281
       Airstrike         |       |     2 |    35 |   221 |   392 |   121 |    14 ||   785
       Swiftness         |       |       |       |     4 |     2 |       |     1 ||     7
       Sticky Flame      |       |       |       |       |    82 |    27 |    26 ||   135
       Hailstorm         |       |       |       |       |    31 |     1 |       ||    32
       Stone Arrow       |       |       |       |       |    21 |   431 |   197 ||   649
       Freezing Cloud    |       |       |       |       |    67 |   124 |    61 ||   252
       Flame Wave        |       |       |       |       |    13 |     2 |     1 ||    16
       Iskenderun's Batt |       |       |       |       |       |   125 |    66 ||   191
       Maxwell's Capacit |       |       |       |       |       |       |     8 ||     8
       Iron Shot         |       |       |       |       |       |       |    10 ||    10
       Blink             |       |       |       |       |       |       |     3 ||     3
Invok: Channel Magic     |       |       |       |       |       |       |     1 ||     1
Evoke: Wand              |       |       |     3 |    14 |     3 |     6 |     1 ||    27
       Piece from Xom's  |       |       |       |       |       |       |     1 ||     1
  Use: Potion            |       |     8 |       |     1 |     3 |       |     1 ||    13
       Scroll            |       |       |       |     1 |    22 |     7 |     2 ||    32
 Stab: Sleeping          |       |       |     1 |       |     1 |       |       ||     2
Armor: Robe              |     5 |     7 |    15 |       |       |       |    17 ||    44
       Steam dragon scal |       |       |     5 |    70 |    66 |    18 |       ||   159
       Ring mail         |       |       |       |       |     4 |       |       ||     4
       Leather armour    |       |       |       |       |       |    64 |    53 ||   117
Dodge: Dodged            |    21 |    51 |   133 |   260 |   260 |   125 |   113 ||   963
       Repelled          |       |       |     2 |    12 |     6 |     7 |       ||    27
Block: Buckler           |       |       |     6 |    49 |    92 |    87 |    43 ||   277

Table legend: (Time is in decaauts)
 A = Elapsed time spent in this place.
 B = Non-inter-level travel time spent in this place.
 C = Inter-level travel time spent in this place.
 D = Time resting spent in this place.
 E = Time spent auto-exploring this place.
 F = Levels seen in this place.
 G = Mean time per level.
                   A        B        C        D        E       F      G
               +--------+--------+--------+--------+--------+-----+--------+
         Total |  52346 |  49356 |   2990 |  16143 |  17709 |  39 | 1342.2 |
       Dungeon |  22224 |  20602 |   1622 |   5956 |   8987 |  15 | 1481.6 |
        Temple |     40 |     40 |      0 |      0 |     16 |   1 |   40.0 |
          Lair |  10769 |  10021 |    748 |   2717 |   5163 |   6 | 1794.8 |
         Swamp |   4112 |   3992 |    120 |   1910 |    757 |   4 | 1028.0 |
   Spider Nest |   5018 |   4858 |    160 |   1567 |   1085 |   4 | 1254.5 |
  Orcish Mines |   3098 |   2987 |    111 |   1434 |    885 |   2 | 1549.0 |
   Elven Halls |   5141 |   4914 |    227 |   1786 |    700 |   3 | 1713.7 |
        Vaults |    663 |    663 |      0 |    295 |     38 |   1 |  663.0 |
        Bazaar |    144 |    144 |      0 |      0 |      0 |   1 |  144.0 |
         Sewer |    481 |    481 |      0 |    173 |     77 |   1 |  481.0 |
       Ossuary |    650 |    650 |      0 |    305 |      0 |   1 |  650.0 |
               +--------+--------+--------+--------+--------+-----+--------+

Top non-repeatable levels by time:
    D:13: 3330 daAuts
  Lair:4: 3076 daAuts
   Elf:2: 2196 daAuts
  Lair:6: 2096 daAuts
    D:12: 2057 daAuts
     D:4: 1859 daAuts
   Orc:2: 1813 daAuts
    D:15: 1810 daAuts
     D:9: 1630 daAuts
Spider:1: 1610 daAuts
  Lair:2: 1590 daAuts
   Elf:3: 1533 daAuts
  Lair:3: 1510 daAuts
  Lair:1: 1509 daAuts
     D:6: 1505 daAuts
